cohdb
Replays
Latest Replays
All Replays
Popular Replays
Top Player Replays
Match Explorer
How It Works
Community
CoH3 Stats
Reddit
Sign in to upload your games and track your stats! →
Sign in with Steam
Match 43920077
Unlisted
Match 43920077
Overview
Messages
Build Orders
End
Construct Infanterie Kompanie
Pioneer Squad
Grenadier Squad
Selects Luftwaffe Battlegroup
Selects Luftwaffe Pioneer Support
Grenadier Squad
Grenadier Squad
Infanterie Officer Quarters
Grenadier Squad
Grenadier Squad
Grenadier Squad
Selects LG40 Recoilless Gun Paradrop
Selects Stuka Strafing Run
Stuka Strafing Run
Grenadier Squad
LG40 Recoilless Gun Paradrop
Grenadier Squad
LG40 Recoilless Gun Paradrop
Barbarossa
Rei
0
0
Comments
sign in to comment!
No comments posted yet!